Map: Tokamak LE

Players

Glacius - Winner!

  • Race: Protoss Protoss
  • League: Diamond
  • Spawn Location: 1:00

LigerMaNN

  • Race: Zerg Zerg
  • League: Diamond
  • Spawn Location: 7:00

VOD

Have the link to the VOD?

Description

Time

  • Played on: June 28, 2025, 3:20 p.m.
  • Length: 10:18
Show
View Real Time Build Order
Export as new Build Order

Glacius Protoss - Winner!

Build Orders: 1 Gate Expand, Archon Immortal, Archon Drop, Dark Templar Rush 

Get SALT Encoding   

  12  0:00  Probe  
  13  0:12  Probe  
  14  0:20  Pylon  
  14  0:28  Probe  
  15  0:36  Probe  
  16  0:45  Probe  
  16  0:47  Gateway  
  17  0:50  Assimilator  
  17  0:55  Probe  
  18  1:07  Probe  
  19  1:20  Probe  
  20  1:33  Nexus  
  20  1:39  Cybernetics Core  
  20  1:42  Probe  
  20  1:47  Assimilator  
  22  1:54  Probe  
  22  1:59  Pylon  
  22  2:05  Stalker  
  22  2:06  Probe  
  23  2:16  Warp Gate  
  23  2:18  Probe  
  26  2:30  Probe  
  26  2:32  Twilight Council  
  26  2:42  Probe  
  27  2:45  Probe  
  28  2:53  Probe  
  28  2:54  Probe  
  30  2:59  Robotics Facility  
  30  3:03  Probe  
  30  3:06  Probe  
  32  3:16  Probe  
  32  3:19  Probe  
  34  3:24  Adept  
  32  3:44  Probe x2  
  34  3:50  Shield Battery  
  34  3:54  Dark Shrine  
  34  3:55  Gateway  
  34  3:56  Gateway  
  34  3:58  Gateway  
  34  4:01  Pylon  
  34  4:04  Pylon  
  34  4:09  Shield Battery  
  34  4:10  Warp Prism  
  34  4:12  Pylon  
  34  4:14  Probe  
  36  4:19  Probe  
  38  4:26  Probe  
  38  4:29  Assimilator  
  38  4:31  Probe  
  40  4:33  Assimilator  
  40  4:38  Probe, Stalker  
  43  4:55  Nexus  
  43  4:58  Pylon  
  43  5:06  Dark Templar x3  
  49  5:11  Dark Templar  
  51  5:40  Charge  
  51  5:44  Dark Templar  
  53  5:59  Gateway  
  53  6:00  Gateway  
  53  6:03  Gateway x2  
  52  6:07  Gateway  
  52  6:09  Pylon  
  52  6:12  Archon x2  
  52  6:17  Dark Templar, Probe x2  
  55  6:19  Probe  
  57  6:25  Probe x2  
  57  6:30  Immortal  
  57  6:31  Probe  
  64  6:33  Probe x2  
  64  6:36  Pylon  
  66  6:43  Probe  
  66  6:45  Probe x2  
  61  6:50  Dark Templar  
  61  6:51  Dark Templar  
  65  6:55  Probe  
  65  6:57  Probe  
  65  6:59  Shield Battery  
  67  7:04  Dark Templar  
  67  7:05  Zealot x3  
  67  7:06  Zealot  
  77  7:15  Immortal  
  77  7:20  Pylon  
  77  7:22  Shield Battery  
  77  7:23  Probe  
  77  7:24  Probe x2  
  77  7:26  Assimilator  
  84  7:30  Assimilator  
  84  7:31  Pylon  
  84  7:35  Pylon  
  80  7:41  Forge  
  80  7:42  Probe  
  80  7:43  Probe x2  
  83  7:48  Gateway  
  83  7:49  Gateway  
  83  7:50  Probe  
  83  7:55  Probe x2  
  83  7:58  Immortal  
  86  8:03  Protoss Ground Weapons Level 1  
  86  8:07  Probe  
  87  8:20  Zealot x8  
  93  8:31  Observer, Dark Templar  
  86  8:42  Dark Templar x4  
  86  8:45  Immortal  
  83  8:53  Dark Templar  
  89  9:06  Zealot x6  
  89  9:08  Probe x2  
  89  9:09  Probe  
  104  9:24  Archon x2  
  104  9:26  Dark Templar x3  
  104  9:27  Dark Templar, Zealot  
  104  9:28  Zealot x2  
  104  9:30  Archon  
  118  9:31  Archon  
  118  9:38  Dark Templar  
  118  9:40  Zealot x2  
  118  9:45  Pylon  
Show
View Real Time Build Order
Export as new Build Order

LigerMaNN Zerg 

Build Orders: Hatch First 

Get SALT Encoding   

  12  0:01  Drone  
  13  0:13  Overlord  
  13  0:21  Drone  
  14  0:31  Drone x2  
  16  0:36  Drone  
  17  0:55  Drone  
  17  0:57  Hatchery  
  17  0:58  Drone  
  18  1:09  Extractor  
  17  1:13  Spawning Pool  
  17  1:15  Drone  
  17  1:19  Drone  
  18  1:29  Drone  
  19  1:39  Drone  
  20  1:50  Drone  
  21  2:00  Overlord  
  21  2:13  Metabolic Boost  
  21  2:14  Zergling x4  
  23  2:20  Queen x2  
  23  2:22  Zergling x2  
  28  2:28  Drone  
  29  2:35  Hatchery  
  28  2:42  Drone x2  
  30  2:48  Overlord  
  30  2:54  Overlord  
  30  3:06  Queen  
  30  3:27  Drone x3  
  30  3:28  Drone x3  
  36  3:42  Drone x6  
  42  3:49  Queen  
  42  3:52  Queen  
  45  4:02  Queen  
  47  4:14  Zergling x6  
  50  4:19  Roach Warren  
  50  4:20  Overlord x2  
  49  4:37  Zergling x2  
  50  4:38  Overlord  
  50  4:39  Overlord x4  
  50  4:59  Roach x6  
  62  5:01  Roach  
  62  5:04  Roach  
  66  5:08  Zergling x4  
  66  5:09  Zergling x2  
  66  5:11  Zergling x2  
  66  5:13  Zergling x2  
  71  5:14  Zergling x2  
  71  5:16  Zergling x2  
  71  5:35  Spore Crawler  
  71  5:39  Spine Crawler, Spore Crawler  
  71  5:42  Spine Crawler  
  63  5:51  Roach x6  
  63  5:52  Roach x2  
  63  5:56  Lair  
  79  6:14  Drone x6  
  85  6:25  Extractor  
  82  6:26  Evolution Chamber  
  82  6:28  Extractor  
  79  6:36  Overlord x4  
  75  6:59  Drone  
  75  7:00  Drone x2  
  75  7:01  Drone x3  
  80  7:04  Overseer x2, Hatchery x2  
  79  7:15  Ravager  
  79  7:17  Ravager  
  79  7:18  Ravager  
  82  7:24  Zergling x12  
  88  7:45  Roach  
  88  7:46  Roach x4  
  98  7:59  Roach  
  100  8:11  Overlord x4  
  88  8:30  Roach  
  88  8:31  Roach x10  
  91  8:48  Roach x5  
  96  8:53  Queen  
  96  8:54  Drone  
  96  8:55  Drone x4  
  103  8:57  Drone x3  
  103  9:23  Drone x10  
  113  9:28  Spore Crawler  
  112  9:35  Spine Crawler  
  111  9:42  Roach x4  
  111  9:43  Roach  
  111  9:45  Roach  
  123  9:47  Roach  
Tags
 
Add a new tag
Caveats
  • Supply blocks, unpowered buildings, or Contaminate may cause inaccurate times.
  • Supply counts are checked every 10 seconds.